 Dungeon Crawl Stone Soup version 0.13-b1-23-g6bc71ad (webtiles) character file.

4763 Chiseanne the Ducker (level 10, -4/111 HPs)
             Began as a Demonspawn Monk on Oct 1, 2013.
             Was a High Priest of Trog.
             Slain by a minotaur (13 damage)
             ... in a labyrinth.
             The game lasted 00:51:16 (12650 turns).

Chiseanne the Ducker (Demonspawn Monk)             Turns: 12650, Time: 00:51:16

HP  -4/111       AC 20     Str 20      XL: 10   Next: 16%
MP   9/9         EV  3     Int 11      God: Trog [*****.]
Gold 250         SH 22     Dex 16      Spells:  0 memorised,  9 levels left

Res.Fire  : . . .   See Invis. : .   D - +7 Singing Sword
Res.Cold  : . . .   Warding    : .   l - +0 plate armour
Life Prot.: . . .   Conserve   : +   c - +0 dwarf shield
Res.Poison: .       Res.Corr.  : .   I - +0 visored helmet
Res.Elec. : .       Clarity    : .   e - +0 elf cloak
Sust.Abil.: . .     Spirit.Shd : .   y - +0 pair of orc gauntlets
Res.Mut.  : .       Stasis     : .   E - +0 pair of boots
Res.Rott. : .       Flight     : .   F - amulet of conservation
Saprovore : . . .                    (no ring)
                                     (no ring)

@: berserking, quick, somewhat resistant to hostile enchantments, extremely
unstealthy
A: claws 1, nightstalker 3, slowness 1, slow metabolism 1, AC +3
a: Burn Spellbooks, Berserk, Trog's Hand, Brothers in Arms, Renounce Religion


You were in a labyrinth.
You worshipped Trog.
Trog was extremely pleased with you.
You were not hungry.

You visited 3 branches of the dungeon, and saw 11 of its levels.
You also visited: Labyrinth.

You collected 484 gold pieces.
You spent 234 gold pieces at shops.

Inventory:

Hand weapons
 d - a +2,+2 spear of dragon slaying {=f}
 q - a +0 blowgun
 D - the +7,+7 Singing Sword (weapon)
   (You found it on level 8 of the Dungeon)
Missiles
 h - 7 curare-tipped needles
 w - 6 javelins (quivered)
 J - 8 silver javelins
Armour
 c - a +0 dwarven shield (worn)
 e - a +0 elven cloak (worn)
 l - a +0 plate armour (worn)
 y - a +0 pair of orcish gauntlets (worn)
 E - a +0 pair of boots (worn)
 I - a +0 visored helmet (worn)
Magical devices
 j - a wand of paralysis (7)
Comestibles
 b - 6 bread rations
Scrolls
 g - a scroll of blinking
 i - 2 scrolls of remove curse
 m - 2 scrolls of fog
 n - 7 scrolls of identify
 p - 3 scrolls of teleportation
 t - 2 scrolls of recharging
Jewellery
 F - an amulet of conservation (around neck)
Potions
 f - a potion of heal wounds
 B - 2 potions of might
 H - a potion of restore abilities


   Skills:
 * Level 6.4 Fighting
   Level 3.2 Short Blades
 * Level 5.1 Long Blades
 * Level 6.0 Armour
 * Level 7.6 Dodging
 - Level 2.2 Stealth
 * Level 5.6 Shields
 - Level 3.6 Unarmed Combat


You had 9 spell levels left.
You didn't know any spells.

Dungeon Overview and Level Annotations

Branches:
Dungeon (9/27)             Temple (1/1) D:7            Lair (1/8) D:9
    Orc: D:6-11

Altars:
Ashenzari
Cheibriados
Elyvilon
Fedhas
Kikubaaqudgha
Makhleb
Nemelex Xobeh
Okawaru
Sif Muna
Trog
Vehumet
Xom
Yredelemnul
Zin
the Shining One

Shops:
D:4 +   D:5 [

Annotations:
D:4 exclusion: 2 gnolls


Innate Abilities, Weirdness & Mutations

You have sharp fingernails.
You are mostly covered in thin metallic scales (AC +3).
You are completely attuned to the shadows.
You cover ground slowly.
You have a slow metabolism.


Message History

The minotaur is hurt by the noise.
The minotaur hits you!
* * * LOW HITPOINT WARNING * * *
The minotaur gores you.
* * * LOW HITPOINT WARNING * * *
You slash the minotaur!
The minotaur is moderately wounded.
You block the minotaur's attack. The minotaur gores you!
* * * LOW HITPOINT WARNING * * *
You slash the minotaur!
The minotaur is heavily wounded.
You hit the minotaur.
The minotaur is heavily wounded.
The minotaur hits you.
* * * LOW HITPOINT WARNING * * *
The minotaur gores you.
* * * LOW HITPOINT WARNING * * *
You slash the minotaur!
The minotaur is severely wounded.
The minotaur hits you!
You die...

# # # # # # ##
. .# ...#. ..
# #.# ## ###.
## .# # #.##..
. .## #
.#..### ## ##
....# # ## .
.. . #.## # #
#.########.#..
# # #.#.H@...#
. . .
.#.####.#. . #
##.#.(.<#.#. .
. .. . #.
#####.#.# # ##
#... ....#
##########


You could see a minotaur.

Vanquished Creatures
  A hill giant (D:6)
  2 hippogriffs
  2 orc warriors
  A black bear (D:9)
  A manticore (D:9)
  3 sky beasts
  6 ogres
  A centaur (D:6)
  Duvessa (D:4)
  3 giant frogs
  A water moccasin (D:6)
  A manticore skeleton (D:9)
  5 killer bees (D:9)
  Dowan (D:4)
  2 crimson imps
  2 hounds
  A centaur zombie (D:6)
  A giant frog skeleton (D:8)
  A giant frog zombie (D:6)
  4 orc priests
  5 jellies
  10 scorpions
  5 orc wizards
  3 iguanas
  An ogre zombie (D:7)
  6 worker ants
  10 adders
  4 gnolls
  3 green rats (D:9)
  A shadow imp (D:9)
  3 giant mites (D:8)
  4 worms
  22 grey rats (D:9)
  An iguana skeleton (D:4)
  2 giant eyeballs
  2 oozes
  22 orcs
  6 giant cockroaches
  12 hobgoblins
  6 jackals
  30 bats
  5 giant geckos
  8 giant newts
  A giant spore (D:9)
  14 goblins
  A goblin skeleton (D:5)
  2 grey rat zombies (D:9)
  8 kobolds
  5 quokkas
  36 rats
  3 rat zombies
  9 ballistomycetes
  9 fungi
299 creatures vanquished.

Vanquished Creatures (others)
  An orc (D:8)
  3 giant spores
  3 fungi (D:9)
7 creatures vanquished.

Grand Total: 306 creatures vanquished

Notes
Turn   | Place    | Note
--------------------------------------------------------------
     0 | D:1      | Chiseanne, the Demonspawn Monk, began the quest for the Orb.
     0 | D:1      | Reached XP level 1. HP: 16/16 MP: 0/0
   349 | D:1      | Gained mutation: You are partially covered in thin metallic scales (AC +2). [demonic ancestry]
   349 | D:1      | Reached XP level 2. HP: 20/22 MP: 1/1
   547 | D:1      | Reached skill level 1 in Armour
  1066 | D:2      | HP: 1/22 [poison (a potion of poison)]
  1371 | D:2      | Gained mutation: You are slightly more attuned to the shadows. [demonic ancestry]
  1371 | D:2      | Reached XP level 3. HP: 21/28 MP: 2/2
  1437 | D:2      | Reached skill level 4 in Fighting
  1456 | D:2      | HP: 1/28 [poisoned by an adder]
  1471 | D:2      | HP: 1/28 [poisoned by an adder]
  2096 | D:3      | Noticed an ogre
  2178 | D:3      | Found a bloodstained altar of Trog.
  2308 | D:3      | Gained mutation: You are significantly more attuned to the shadows. [demonic ancestry]
  2308 | D:3      | Reached XP level 4. HP: 32/35 MP: 3/3
  2927 | D:4      | Noticed an ogre
  2954 | D:4      | Found Yramioty's Book Shoppe.
  3418 | D:4      | Reached XP level 5. HP: 25/40 MP: 4/4
  3712 | D:4      | Noticed Duvessa
  3765 | D:4      | Noticed an ogre
  4435 | D:5      | Entered Level 5 of the Dungeon
  4435 | D:5      | Noticed an ogre
  4721 | D:5      | Found Wofu's Antique Armour Boutique.
  4735 | D:5      | Bought a dwarven shield for 135 gold pieces
  4994 | D:3      | Became a worshipper of Trog the Wrathful
  4994 | D:3      | Acquired Trog's first power
  4994 | D:3      | Acquired Trog's second power
  5118 | D:3      | Killed an ogre
  5118 | D:3      | Reached XP level 6. HP: 47/47 MP: 5/5
  5165 | D:4      | Killed an ogre
  5165 | D:4      | Reached skill level 1 in Shields
  5195 | D:4      | Reached skill level 1 in Short Blades
  5241 | D:4      | Reached skill level 5 in Dodging
  5519 | D:4      | Killed an ogre
  5519 | D:4      | Gained mutation: You are completely attuned to the shadows. [demonic ancestry]
  5519 | D:4      | Reached XP level 7. HP: 36/53 MP: 6/6
  5650 | D:4      | Noticed Dowan
  5660 | D:4      | Killed Duvessa
  5660 | D:4      | Reached skill level 5 in Fighting
  5667 | D:4      | Killed Dowan
  6129 | D:5      | Noticed an ogre
  6136 | D:5      | Killed an ogre
  6168 | D:5      | Noticed an orc warrior
  6173 | D:5      | Killed an orc warrior
  6240 | D:5      | Gained mutation: You have a slow metabolism. [potion of mutation]
  6240 | D:5      | Gained mutation: You cover ground slowly. [potion of mutation]
  6275 | D:5      | Killed an ogre
  6603 | D:6      | Reached skill level 6 in Dodging
  6603 | D:6      | Reached XP level 8. HP: 48/60 MP: 7/7
  6623 | D:6      | Noticed a hill giant
  6647 | D:6      | Killed a hill giant
  7162 | D:5      | Bought a wizard hat for 62 gold pieces
  7163 | D:5      | Bought a pair of boots for 37 gold pieces
  7687 | D:6      | Paralysed by you for 7 turns
  7901 | D:6      | Found a sparkling altar of Nemelex Xobeh.
  8154 | D:7      | Gained mutation: You are mostly covered in thin metallic scales (AC +3). [demonic ancestry]
  8154 | D:7      | Reached XP level 9. HP: 48/66 MP: 8/8
  8267 | D:7      | Reached skill level 5 in Armour
  8512 | D:7      | Found a staircase to the Ecumenical Temple.
  8629 | Temple   | Entered the Ecumenical Temple
  8826 | D:8      | Acquired Trog's third power
  8892 | D:8      | Reached skill level 7 in Dodging
  8958 | D:8      | Reached skill level 1 in Long Blades
  9673 | D:8      | Reached skill level 5 in Shields
 10126 | D:9      | Found a staircase to the Lair.
 10601 | D:9      | Gained mutation: You have sharp fingernails. [demonic ancestry]
 10601 | D:9      | Reached XP level 10. HP: 73/73 MP: 9/9
 10941 | D:9      | Reached skill level 5 in Long Blades
 11175 | Lair:1   | Entered Level 1 of the Lair of Beasts
 11239 | Lair:1   | Found a labyrinth entrance.
 11246 | Lab      | Entered a labyrinth
 12640 | Lab      | Noticed a minotaur
 12650 | Lab      | Slain by a minotaur

Action                   |  1- 3 |  4- 6 |  7- 9 | 10-12 || total
-------------------------+-------+-------+-------+-------++-------
Melee: Spear             |   142 |       |     2 |       ||   144
       Hand axe          |    31 |   211 |       |       ||   242
       Dagger            |       |    35 |   110 |       ||   145
       Short sword       |       |       |   234 |       ||   234
       Long sword        |       |       |   249 |   110 ||   359
 Fire: Blowgun           |       |       |       |     1 ||     1
Throw: Dart              |     2 |     3 |     3 |       ||     8
Invok: Berserk           |       |       |     6 |     1 ||     7
       Trog's Hand       |       |       |     5 |       ||     5
Evoke: Wand              |       |       |     2 |       ||     2
  Use: Potion            |     7 |     1 |     7 |       ||    15
       Scroll            |       |     1 |    15 |     6 ||    22
 Stab: Sleeping          |     7 |     9 |     4 |       ||    20
       Held in net/web   |       |       |     2 |       ||     2
       Distracted        |       |       |     1 |       ||     1
